 Dungeon Crawl Stone Soup version 0.30-a0-368-g86fb4627a9 (webtiles) character file.

Game seed: 1365628230587198985

40 qeuew the Trooper (level 3, -4/29 HPs)
             Began as a Demonspawn Monk on Nov 20, 2022.
             Slain by Sigmund
             ... wielding a +0 scythe
              (7 damage)
             ... on level 2 of the Dungeon.
             The game lasted 00:02:16 (882 turns).

qeuew the Trooper (Demonspawn Monk)                  Turns: 882, Time: 00:02:17

Health: -4/29      AC:  4    Str: 13    XL:     3   Next: 30%
Magic:  3/3        EV: 13    Int: 11    God:
Gold:   35         SH:  0    Dex: 21    Spells: 2/2 levels left

rFire   . . .      SeeInvis .    a - +0 hand axe (protect)
rCold   . . .      Faith    .    (no shield)
rNeg    . . .      Spirit   .    b - +0 robe
rPois   .          Reflect  .    (no helmet)
rElec   .          Harm     .    (no cloak)
rCorr   .          Rampage  .    (no gloves)
Will    .....                    (no boots)
Stlth   +.........               (no amulet)
HPRegen 0.24/turn                g - +6 ring of dexterity
MPRegen 0.08/turn                (no ring)

@: confused
A: yellow scales 1, powered by pain 1
a: no special abilities


You were on level 2 of the Dungeon.
You visited 1 branch of the dungeon, and saw 2 of its levels.

You collected 35 gold pieces.

Inventory:

Hand Weapons
 a - a +0 hand axe of protection (weapon)
Armour
 b - a +0 robe (worn)
Jewellery
 g - a +6 ring of dexterity (left hand)
Scrolls
 e - a scroll of magic mapping
Potions
 c - a potion of ambrosia


   Skills:
 + Level 3.3 Fighting
 + Level 3.1 Axes
 + Level 1.1 Armour
 + Level 3.0 Dodging
 - Level 1.7 Stealth


You had 2 spell levels left.
You didn't know any spells.
Your spell library was empty.

Dungeon Overview and Level Annotations

Branches:
Dungeon (2/15)

Altars:

Shops:
D:1 =(?!?   D:2 :

Annotations:
D:2 Sigmund


Innate Abilities, Weirdness & Mutations

You are partially covered in yellow scales. (AC +2)
You sometimes gain a little power by taking damage.


Message History

You hit something. You miss something. Something barely misses you.
You hit something but do no damage.
You hear some strange, mumbled words.
A magic dart appears from out of thin air!
The magic dart hits you.
You miss something. You hit the hobgoblin. The hobgoblin misses you.
Something hits you!
You closely miss something. You hit the hobgoblin.
You kill the hobgoblin!
Something hits you!
* * * LOW HITPOINT WARNING * * *
You barely miss something. Something hits you but does no damage.
You hit something. You closely miss something. Something hits you.
* * * LOW HITPOINT WARNING * * *
You closely miss something. Something barely misses you.
You hit something. Something barely misses you.
You hit something. You hit something but do no damage.
You hear some strange, mumbled words.
You are confused.
You hear some strange, mumbled words.
A magic dart appears from out of thin air!
The magic dart hits you.
* * * LOW HITPOINT WARNING * * *
Unknown command.
Unknown command.
You miss something.
You hear some strange, mumbled words.
You are more confused.
Something hits you but does no damage.
Found 14 gold pieces.
Found a stone staircase leading down.
You see here a rat corpse.
You're too confused to move!
Something hits you.
* * * LOW HITPOINT WARNING * * *
Found a robe.
Unknown command.
You bump into the rock wall.
Something hits you!
You die...

.. ... [## .>.#
.....$ #... ##.#..
###..##..#.#
...[.......
#...#..... ..
#......## #.
##.....@.##### ..
#.....†......# #.
#.....{...##..##.#
#.....†....# b....
........#.#.#
#..###
##.......∩..#
#...<#
#......#.###
#.##.# #.........
# #..# #.........
##...


There were no monsters in sight!

Vanquished Creatures
  An adder (D:2)
  2 dart slugs (D:1)
  2 ball pythons (D:1)
  5 endoplasms (D:1)
  3 goblins (D:1)
  4 hobgoblins
  A frilled lizard (D:1)
  3 kobolds (D:1)
  6 rats
27 creatures vanquished.

Notes
Turn   | Place    | Note
-------+----------+-------------------------------------------
     0 | D:1      | qeuew the Demonspawn Monk began the quest for the Orb.
     0 | D:1      | Reached XP level 1. HP: 18/18 MP: 1/1
    87 | D:1      | Found Luronius's Distillery.
   126 | D:1      | Gained mutation: You are partially covered in yellow
                  | scales. (AC +2) [demonic ancestry]
   126 | D:1      | Reached XP level 2. HP: 9/24 MP: 2/2
   208 | D:1      | Found a faded altar of an unknown god.
   246 | D:1      | Found Zustraleg's Jewellery Shop.
   268 | D:1      | Found Vuerchapuw's Weapon Boutique.
   375 | D:1      | Found Miraesa's Magic Scroll Shoppe.
   652 | D:1      | Reached skill level 1 in Armour
   691 | D:1      | Found Ovylel's Magic Scroll Shoppe.
   757 | D:1      | Gained mutation: You sometimes gain a little power by
                  | taking damage. [demonic ancestry]
   757 | D:1      | Reached XP level 3. HP: 29/29 MP: 3/3
   855 | D:2      | Found Feok's Book Shoppe.
   855 | D:2      | Noticed Sigmund
   882 | D:2      | Slain by Sigmund

Illustrated notes

Levels and vault maps discovered:
D:1:      saegor_arrival_simple_b, layout_loops_ring, serial_shops, shop,
          nicolae_square_shop, nicolae_shop_trees, shop, shop,
          basic_ecumenical_altar, minmay_split_cup_small
D:2:      layout_rooms, serial_shops, nicolae_shop_crystal, shop, shop,
          kennysheep_generic_room_3, uniq_crazy_yiuf_cottage, uniq_sigmund

Skill      XL: |  1  2 |
---------------+-------+-----
Axes           | 3 |  3.1
Armour         | 1 |  1.1
Dodging        | 3 |  3.0
Fighting       | |  3.3
Stealth        | |  1.7

Action                   || total
-------------------------++-------
Melee: Hand axe          ||   108
       Punch             ||     4
  Use: Scroll            ||     3
 Stab: Sleeping          ||     3
Armor: Robe              ||    25
Dodge: Dodged            ||    53

Table legend: (Time is in decaauts)
 A = Elapsed time spent in this place.
 B = Non-inter-level travel time spent in this place.
 C = Inter-level travel time spent in this place.
 D = Time resting spent in this place.
 E = Time spent auto-exploring this place.
 F = Levels seen in this place.
 G = Mean time per level.
                   A        B        C        D        E       F      G
               +--------+--------+--------+--------+--------+-----+--------+
         Total |    898 |    895 |      3 |      0 |    675 |   2 |  449.0 |
       Dungeon |    898 |    895 |      3 |      0 |    675 |   2 |  449.0 |
               +--------+--------+--------+--------+--------+-----+--------+

Top non-repeatable levels by time:
     D:1: 867 daAuts
     D:2: 30 daAuts
